 Dungeon Crawl Stone Soup version 0.30-a0-223-gcb0039aa0c (webtiles) character file.

Game seed: 1649473743334466251

36 freelancePsychic the Vexing (level 3, 0/27 HPs)
             Began as a Demonspawn Hexslinger on Oct 9, 2022.
             Was a Follower of Cheibriados.
             Slain by Sigmund
             ... wielding a +0 scythe
              (7 damage)
             ... on level 3 of the Dungeon.
             The game lasted 00:03:27 (1163 turns).

freelancePsychic the Vexing (Demonspawn Hexslinger) Turns: 1163, Time: 00:03:28

Health: 0/27       AC:  5    Str: 12    XL:     3   Next: 19%
Magic:  4/4        EV: 11    Int: 16    God:    Cheibriados [*.....]
Gold:   54         SH:  0    Dex: 17    Spells: 3/4 levels left

rFire   + . .      SeeInvis .    a - +1 sling
rCold   + . .      Faith    .    (no shield)
rNeg    . . .      Spirit   .    g - +0 ring mail
rPois   +          Reflect  .    (no helmet)
rElec   +          Harm     .    (no cloak)
rCorr   +          Rampage  .    (no gloves)
Will    .....                    (no boots)
Stlth   ..........               (no amulet)
HPRegen 0.24/turn                (no ring)
MPRegen 0.09/turn                (no ring)

@: confused, resistant, very slow
A: hooves 1
a: Renounce Religion, Bend Time


You were on level 3 of the Dungeon.
You worshipped Cheibriados.
Cheibriados was aware of your devotion.
You visited 1 branch of the dungeon, and saw 3 of its levels.

You collected 54 gold pieces.

Inventory:

Hand Weapons
 a - a +1 sling (weapon)
 b - a +0 scimitar of freezing
Armour
 c - a +0 robe
 g - a +0 ring mail (worn)
Scrolls
 i - a scroll of identify {@r1}
 j - a scroll of amnesia
 k - a scroll of poison


   Skills:
 + Level 2.2 Fighting
 * Level 0.0 Long Blades
 - Level 2.6 Ranged Weapons
 + Level 1.9 Dodging
 - Level 1.0 Spellcasting
 - Level 3.0 Hexes


You had 3 spell levels left.
You knew the following spells:

 Your Spells              Type           Power      Damage    Failure   Level
a - Slow                  Hex            40%        N/A       16%         1

Your spell library contained the following spells:

 Spells                   Type           Power      Damage    Failure   Level
 Inner Flame              Hex/Fire       5%         N/A       63%         3
 Portal Projectile        Hex/Tloc       10%        N/A       63%         3
 Cause Fear               Hex            5%         N/A       83%         4


Dungeon Overview and Level Annotations

Branches:
Dungeon (2/15)

Altars:
Cheibriados

Annotations:
D:3 Sigmund


Innate Abilities, Weirdness & Mutations

You have large cloven feet.


Message History

You hear some strange, mumbled words.
Something tries to affect you, but you resist.
Casting: Slow (safe; 16% risk of failure)
Confirm with . or Enter, or press ? or * to list all spells.
You don't know that spell.
As you read the scroll labelled HEAFIH NADWUPT, it crumbles to dust.
It is a scroll of identify.
j - a scroll of amnesia
As you read the scroll labelled FIWILIMIH YXYB, it crumbles to dust.
You feel aware of your surroundings.
You sensed 2 altars.
It was a scroll of magic mapping.
Fire: a) +1 sling
Press: ? - help, Shift-Dir - straight line, f - you Really target yourself?
Fire: a) +1 sling
Press: ? - help, Shift-Dir - straight line You shoot a sling bullet.
Fire: a) +1 sling
Press: ? - help, Shift-Dir - straight line You shoot a sling bullet.
It was a potion of resistance.
You feel protected.
You can't see any enemies this would affect, really read the scroll of poison?
Okay, then.
A puff of flame appears from out of thin air!
The puff of flame hits you. You resist.
You hear some strange, mumbled words.
You are confused.
Something hits you.
You aren't carrying any potions.
You feel less confused. Something hits you!
You hear some strange, mumbled words.
You are confused.
Something hits you!
* * * LOW HITPOINT WARNING * * *
You aren't carrying any potions.
You are too confused!
Something hits you!
You die...

* #..(..........# *
#.###########.# *
#)##..........# *
#)##.########## *
###)##.####### *
#............# *
#............# ***
#............# ,,*
#......@.....# ,,*
#............### ,,*
#..............# ***
#............#.#
*********#............#.#
,,,,,,,,..............#.#
********###############{#***
,,,,,,,,,,,,,,,,....{......#
****,,,,,,,,,,**#######.#.##


There were no monsters in sight!

Vanquished Creatures
  2 dart slugs (D:1)
  3 orcs (D:3)
  3 endoplasms (D:1)
  5 goblins (D:1)
  5 hobgoblins (D:1)
  2 quokkas (D:1)
  A ball python (D:1)
  2 frilled lizards (D:1)
  A kobold (D:1)
  2 rats (D:1)
26 creatures vanquished.

Notes
Turn   | Place    | Note
-------+----------+-------------------------------------------
     0 | D:1      | freelancePsychic the Demonspawn Hexslinger began the quest
                  | for the Orb.
     0 | D:1      | Reached XP level 1. HP: 15/15 MP: 2/2
   174 | D:1      | Gained mutation: You have large cloven feet. [demonic
                  | ancestry]
   174 | D:1      | Reached XP level 2. HP: 21/21 MP: 3/3
   681 | D:1      | Found a faded altar of an unknown god.
   823 | D:1      | Prayed at the altar of an unknown god.
   823 | D:1      | Became a worshipper of Cheibriados the Contemplative
   823 | D:1      | Reached * piety under Cheibriados
   908 | D:1      | Reached XP level 3. HP: 27/27 MP: 4/4
  1062 | D:2      | You fall into a shaft and drop 1 floor!
  1133 | D:3      | Noticed Sigmund
  1163 | D:3      | Slain by Sigmund

Illustrated notes

Levels and vault maps discovered:
D:1:      shiori_shiawase, layout_loops_ring,
          hellmonk_ecumenical_altar_inner_sanctum, kennysheep_pointless_box
D:2:      layout_basic, amcnicky_mini_corridor_feature, uniq_terence,
          uniq_natasha, uniq_jessica
D:3:      layout_basic, lemuel_tele_altar, mainiacjoe_overflow_small_starburst,
          minmay_starry_boxes, uniq_sigmund

Skill      XL: |  1  2 |
---------------+-------+-----
Ranged Weapons | 2 |  2.6
Fighting       | 2 |  2.2
Dodging        | |  1.9
Spellcasting   | |  1.0
Hexes          | |  3.0

Action                   || total
-------------------------++-------
 Fire: Sling             ||    85
 Cast: Slow              ||     1
  Use: Scroll            ||     5
       Potion            ||     1
Armor: Ring mail         ||     6
Dodge: Dodged            ||    13

Table legend: (Time is in decaauts)
 A = Elapsed time spent in this place.
 B = Non-inter-level travel time spent in this place.
 C = Inter-level travel time spent in this place.
 D = Time resting spent in this place.
 E = Time spent auto-exploring this place.
 F = Levels seen in this place.
 G = Mean time per level.
                   A        B        C        D        E       F      G
               +--------+--------+--------+--------+--------+-----+--------+
         Total |   1312 |   1230 |     82 |      0 |    996 |   3 |  437.3 |
       Dungeon |   1312 |   1230 |     82 |      0 |    996 |   3 |  437.3 |
               +--------+--------+--------+--------+--------+-----+--------+

Top non-repeatable levels by time:
     D:1: 1130 daAuts
     D:3: 136 daAuts
     D:2: 45 daAuts
